 Dungeon Crawl Stone Soup version 0.20.1-1-g8b1a95d (webtiles) character file.

3801 fili the Martial Artist (level 10, 0/44 HPs)
             Began as a Vine Stalker Transmuter on Nov 3, 2017.
             Was a Believer of Makhleb.
             Slain by Joseph
             ... wielding a +0 quarterstaff
              (7 damage)
             ... on level 7 of the Dungeon on Nov 8, 2017.
             The game lasted 01:36:41 (9058 turns).

fili the Martial Artist (Vine Stalker Transmuter)   Turns: 9058, Time: 01:36:42

Health: 0/44       AC:  4    Str: 12    XL:     10   Next: 17%
Magic:  0/14       EV:  9    Int: 16    God:    Makhleb [**....]
Gold:   420        SH:  7    Dex: 16    Spells: 7/13 levels left

rFire    + + .     SeeInvis .     - Unarmed
rCold    x . .     Gourm    .   j - +0 shield
rNeg     . . .     Faith    .   p - +0 leather armour {rF+}
rPois    .         Spirit   +   u - +0 helmet
rElec    .         Reflect  .   y - scarf {Spirit}
rCorr    .         Harm     .   (no gloves)
MR       +....                  (boots currently unavailable)
Stlth    +.........             (no amulet)
Regen    0.6/turn               G - ring of fire
MPRegen  0.2/turn               (no ring)

@: appendage
A: fangs 3, talons 3, regeneration 1, magic shield, antimagic bite, no potion
heal 3, rot immunity, subdued magic 1
a: End Transformation, Minor Destruction, Renounce Religion


You were on level 7 of the Dungeon.
You worshipped Makhleb.
Makhleb was pleased with you.
You were not hungry.
You had grown temporary talons.
You visited 2 branches of the dungeon, and saw 9 of its levels.

You collected 511 gold pieces.
You spent 91 gold pieces at shops.

Inventory:

Hand Weapons
 b - a +1 hunting sling
Missiles
 a - 122 arrows
 k - 85 stones (quivered)
 r - 199 sling bullets
Armour
 f - a +0 leather armour
 j - a +0 shield (worn)
 p - a +0 leather armour of fire resistance (worn)
 t - a +0 robe
 u - a +0 helmet (worn)
 y - a scarf of spirit shield (worn)
Jewellery
 G - a ring of fire (left hand)
Wands
 i - a wand of polymorph (8/24)
 s - a wand of paralysis (10/24)
 x - a wand of iceblast (7/15)
 C - a wand of clouds (7/9)
 H - a wand of polymorph (13/24)
Scrolls
 g - a scroll of identify
 l - 2 scrolls of remove curse
 m - a scroll of fear
 v - a scroll of magic mapping
 D - a scroll of random uselessness
 F - a scroll of enchant weapon
 J - 2 scrolls of vulnerability
Potions
 e - 4 potions of agility
 h - 2 potions of curing
 o - a potion of lignification
 w - 2 potions of might
 I - a potion of invisibility
Books
 c - a book of Changes

   Spells                             Type                      Level
   a - Beastly Appendage              Transmutation                1
   b - Sticks to Snakes               Transmutation                2
   c - Spider Form                    Transmutation/Poison         3
   d - Ice Form                       Ice/Transmutation            4
   e - Blade Hands                    Transmutation                5
Comestibles
 d - 8 bread rations
 n - 11 fruits
 q - 3 chunks of flesh
 B - 2 meat rations
 E - 4 royal jellies


   Skills:
 - Level 0.8 Fighting
 - Level 1.5 Dodging
 * Level 12.0 Unarmed Combat
 - Level 2.1 Spellcasting
 + Level 8.3 Transmutations


You had 7 spell levels left.
You knew the following spells:

 Your Spells              Type           Power        Failure   Level  Hunger
a - Beastly Appendage     Tmut           ###...       4%          1    #......
b - Sticks to Snakes      Tmut           ###.....     7%          2    ###....
c - Spider Form           Tmut/Pois      ##........   65%         3    ###....


Dungeon Overview and Level Annotations

Branches:
Dungeon (8/15)             Temple (1/1) D:5
   Lair: D:8-11

Altars:
Ashenzari
Cheibriados
Dithmenos
Elyvilon
Fedhas
Gozag
Hepliaklqana
Makhleb
Nemelex Xobeh
Okawaru
Qazlal
Ru
Sif Muna
Trog
Uskayaw
Vehumet
Xom
Yredelemnul
Zin
The Shining One

Shops:
D:5 ?

Annotations:
D:1 exclusion: downstairs
D:2 exclusion: 2 downstairs
D:3 Regeox's ghost, amateur HOHu
D:4 exclusion: downstairs
D:6 Sigmund
D:7 exclusions: door and upstairs, Joseph


Innate Abilities, Weirdness & Mutations

You have razor-sharp teeth.
Your natural rate of healing is unusually fast.
When hurt, damage is shared between your health and your magic reserves.
Your bite disrupts and absorbs the magic of your enemies.
Potions cannot restore your health.
You are immune to rotting.
You have claws for feet.
Your spells are a little easier to cast, but a little less powerful.


Message History

You see here a sling bullet.
You see here 3 sling bullets.
You see here a sling bullet.
Joseph shoots a sling bullet.
The sling bullet hits you!! The sling bullet burns you.
You see here a sling bullet.
Casting: Beastly Appendage
Confirm with . or Enter, or press ? or * to list all spells.
Your feet morph into talons.
Joseph shoots a sling bullet.
The sling bullet hits you!!
* * * LOW HITPOINT WARNING * * *
Joseph unwields an uncursed hunting sling of flaming.
It stops flaming.
Joseph wields an uncursed quarterstaff.
Joseph hits you with an uncursed quarterstaff.
* * * LOW HITPOINT WARNING * * *
You see here 3 sling bullets.
You hit Joseph. Your bite misses Joseph.
Joseph is lightly wounded.
Joseph hits you with an uncursed quarterstaff!
You die...

#......)[....@..#....
#......(#.......#....
#......)#.......#....
#...)...#.......#....
#.......#.......#....
#.......#.......#####
#...##..#.......#....
#..(##(.##......#....
#...@@...#......#....
#........#......#....
#....(...#......'....
#...##...#......#####
#...##...######......
#.............#...a(.
#.............#.....(
#.............#...@.(
#.............#......


You could see Joseph.

Vanquished Creatures
  Grinder (D:3)
  3 hogs
  A human (D:7)
  A yak (D:7)
  A hungry ghost (D:7)
  Duvessa (D:4)
  A water moccasin (D:7)
  2 orc warriors
  2 ice beasts
  3 phantoms
  2 ogres
  2 centaurs
  3 bullfrogs
  A wyvern zombie (D:7)
  Dowan (D:4)
  A wyvern skeleton (D:7)
  2 scorpions (D:4)
  2 jellies (D:7)
  10 howler monkeys
  A crimson imp (D:2)
  A bullfrog skeleton (D:8)
  A quasit (D:6)
  An orc priest (D:5)
  A hound (D:6)
  4 orc wizards
  Jessica (D:2)
  An iguana (D:4)
  2 worker ants (D:7)
  A howler monkey zombie (D:5)
  A worker ant zombie (D:6)
  Robin (D:3)
  3 gnolls (D:8)
  7 adders
  An ooze (D:2)
  An adder zombie (D:5)
  An adder skeleton (D:7)
  2 worms
  2 dart slugs
  3 leopard geckos
  15 orcs
  A ball python (D:2)
  13 giant cockroaches
  21 goblins
  14 hobgoblins
  8 jackals
  2 quokkas
  A ball python skeleton (D:4)
  10 bats
  4 frilled lizards
  9 kobolds
  A quokka skeleton (D:5)
  8 rats
183 creatures vanquished.

Vanquished Creatures (others)
  Eustachio (D:4)
  A water moccasin (D:5)
  A leopard gecko (D:5)
  3 orcs (D:5)
6 creatures vanquished.

Grand Total: 189 creatures vanquished

Notes
Turn   | Place    | Note
-------+----------+-------------------------------------------
     0 | D:1      | fili the Vine Stalker Transmuter began the quest for the Orb.
     0 | D:1      | Reached XP level 1. HP: 9/9 MP: 4/4
   181 | D:1      | Reached XP level 2. HP: 11/14 MP: 6/6
   598 | D:1      | Reached XP level 3. HP: 13/17 MP: 3/7
   878 | D:1      | Reached skill level 4 in Unarmed Combat
  1226 | D:2      | Noticed Jessica
  1339 | D:2      | Killed Jessica
  1339 | D:2      | Gained mutation: Your natural rate of healing is unusually fast. [Vine Stalker growth]
  1339 | D:2      | Reached XP level 4. HP: 14/21 MP: 8/8
  1368 | D:2      | Found a radiant altar of Vehumet.
  1633 | D:2      | Reached skill level 5 in Unarmed Combat
  1633 | D:2      | Reached XP level 5. HP: 11/25 MP: 3/9
  1767 | D:2      | Found a faded altar of an unknown god.
  1857 | D:3      | Noticed Regeox's ghost (amateur HOHu)
  2434 | D:2      | Learned a level 2 spell: Sticks to Snakes
  2531 | D:2      | Learned a level 3 spell: Spider Form
  2537 | D:2      | Gained mutation: Your spells are a little easier to cast, but a little less powerful. [mutagenic glow]
  2725 | D:3      | Noticed Grinder
  2996 | D:3      | Noticed Robin
  3059 | D:3      | Killed Robin
  3147 | D:3      | Found a glowing golden altar of the Shining One.
  3168 | D:3      | Paralysed by Grinder for 7 turns
  3199 | D:3      | Killed Grinder
  3199 | D:3      | Reached skill level 6 in Unarmed Combat
  3199 | D:3      | Reached XP level 6. HP: 9/29 MP: 6/10
  3567 | D:4      | Found a blossoming altar of Fedhas.
  3587 | D:4      | Reached XP level 7. HP: 9/32 MP: 6/11
  3855 | D:4      | Reached skill level 7 in Unarmed Combat
  4189 | D:4      | Reached skill level 5 in Transmutations
  4206 | D:4      | Noticed Eustachio
  4219 | D:4      | Killed Eustachio
  4219 | D:4      | Reached skill level 8 in Unarmed Combat
  4219 | D:4      | Gained mutation: You have razor-sharp teeth. [Vine Stalker growth]
  4219 | D:4      | Reached XP level 8. HP: 36/37 MP: 12/12
  4322 | D:4      | Noticed Dowan
  4323 | D:4      | Noticed Duvessa
  4341 | D:4      | Killed Duvessa
  4349 | D:4      | Killed Dowan
  4514 | D:4      | Found a sacrificial altar of Ru.
  4564 | D:5      | Entered Level 5 of the Dungeon
  4593 | D:5      | Found a staircase to the Ecumenical Temple.
  4603 | Temple   | Entered the Ecumenical Temple
  4886 | Temple   | Became a worshipper of Makhleb the Destroyer
  4961 | D:5      | Found a white marble altar of Elyvilon.
  5377 | D:5      | Found Mapask's Magic Scroll Emporium.
  5381 | D:5      | Bought a scroll of fear for 49 gold pieces
  5381 | D:5      | Bought a scroll of teleportation for 42 gold pieces
  5421 | D:5      | Found a shimmering altar of Xom.
  5527 | D:5      | Found a hide-covered altar of Uskayaw.
  5983 | D:6      | Reached skill level 9 in Unarmed Combat
  6044 | D:6      | Found a hazy altar of Hepliaklqana.
  6176 | D:6      | Found an opulent altar of Gozag.
  6381 | D:6      | Noticed Sigmund
  6598 | D:7      | Noticed a yak
  6704 | D:6      | Reached XP level 9. HP: 4/40 MP: 2/13
  6924 | D:7      | Reached skill level 10 in Unarmed Combat
  7114 | D:7      | Noticed Joseph
  7510 | D:7      | HP: 1/40 [ogre/giant spiked club (13)]
  7607 | D:7      | Reached * piety under Makhleb
  7851 | D:7      | Reached skill level 11 in Unarmed Combat
  8356 | D:8      | Reached XP level 10. HP: 25/44 MP: 8/14
  8468 | D:8      | Found a bloodstained altar of Trog.
  8468 | D:8      | Found a deep blue altar of Sif Muna.
  8965 | D:7      | Reached skill level 12 in Unarmed Combat
  8970 | D:7      | Reached ** piety under Makhleb
  9058 | D:7      | Slain by Joseph

Skill      XL: |  1  2  3  4  5  6  7  8  9 10 |
---------------+-------------------------------+-----
Unarmed Combat | 4 5 6 8 9 11 12 | 12.0
Transmutations | 3 4 5 6 8 |  8.3
Fighting       | |  0.8
Dodging        | |  1.5
Spellcasting   | |  2.1

Action                   |  1- 3 |  4- 6 |  7- 9 | 10-12 || total
-------------------------+-------+-------+-------+-------++-------
Melee: Unarmed           |   113 |   273 |   271 |    52 ||   709
       Bite              |    30 |    60 |    69 |    15 ||   174
       Headbutt          |     3 |     9 |       |       ||    12
       Kick              |     3 |    30 |    60 |    14 ||   107
 Fire: Hunting sling     |       |    56 |   124 |    24 ||   204
Throw: Stone             |       |     9 |       |       ||     9
 Cast: Beastly Appendage |     8 |    20 |    38 |     8 ||    74
       Sticks to Snakes  |       |     1 |    11 |       ||    12
Evoke: Wand              |       |       |     1 |       ||     1
  Use: Potion            |       |     3 |     4 |     1 ||     8
       Scroll            |       |     2 |     8 |     6 ||    16
 Stab: Paralysed         |       |       |     3 |       ||     3
       Distracted        |       |       |     1 |       ||     1
  Eat: Chunk             |     1 |     9 |    12 |     2 ||    24
       Royal jelly       |       |       |     2 |       ||     2
       Bread ration      |       |       |     1 |       ||     1
Armor: Robe              |    40 |    53 |       |       ||    93
       Leather armour    |       |     9 |    55 |     8 ||    72
Dodge: Dodged            |    65 |    96 |    93 |    18 ||   272
Block: Shield            |    22 |    79 |    78 |    17 ||   196
